 Dungeon Crawl Stone Soup version 0.24-a0-123-ga2403f3 (console) character file.

Game seed: 430975852819708775

159 Voker57 the Slasher (level 5, -6/41 HPs)
             Began as a Demonspawn Gladiator on Feb 22, 2019.
             Killed by divine providence
             ... invoked by an orc priest
              (14 damage)
             ... on level 3 of the Dungeon.
             The game lasted 00:02:26 (1719 turns).

Voker57 the Slasher (Demonspawn Gladiator)          Turns: 1719, Time: 00:02:27

Health: -6/41      AC:  3    Str: 14    XL:     5   Next: 17%
Magic:  5/5        EV: 13    Int: 10    God:
Gold:   177        SH:  0    Dex: 15    Spells: 4/4 levels left

rFire    . . .     SeeInvis .   a - +0 long sword
rCold    . . .     Gourm    .   (no shield)
rNeg     . . .     Faith    .   b - +0 leather armour
rPois    .         Spirit   .   (helmet restricted)
rElec    .         Reflect  .   (no cloak)
rCorr    .         Harm     .   (no gloves)
MR       .....                  (no boots)
Stlth    +.........             (no amulet)
HPRegen  0.13/turn              (no ring)
MPRegen  0.09/turn              (no ring)

@: no status effects
A: horns 1, talons 2, powered by death 1
a: no special abilities


You were on level 3 of the Dungeon.
You were not hungry.

You visited 1 branch of the dungeon, and saw 3 of its levels.

You collected 177 gold pieces.

Inventory:

Hand Weapons
 a - a +0 long sword (weapon)
Missiles
 d - 2 throwing nets (quivered)
Armour
 b - a +0 leather armour (worn)
 c - a +0 helmet
Jewellery
 n - an uncursed ring of protection from cold {unknown}
Scrolls
 g - a scroll of teleportation {unknown}
 j - a scroll of noise {unknown}
 k - 4 scrolls of identify {unknown}
 l - a scroll of immolation {unknown}
 m - a scroll of enchant weapon {unknown}
 p - 2 scrolls of amnesia {unknown}
Potions
 e - a potion of ambrosia {unknown}
 h - 3 potions of curing {unknown}
 i - a potion of flight {unknown}
Comestibles
 f - 5 rations
 o - a chunk of flesh


   Skills:
 + Level 3.4 Fighting
 + Level 3.9 Long Blades
 - Level 1.7 Throwing
 + Level 3.7 Dodging


You had 4 spell levels left.
You didn't know any spells.
Your spell library was empty.

Dungeon Overview and Level Annotations

Branches:
Dungeon (3/15)

Altars:
Wu Jian
Xom
Zin


Innate Abilities, Weirdness & Mutations

You have a pair of small horns on your head.
You have razor-sharp toenails.
You regenerate a little health from kills.


Message History

Found a hand axe.
The orc hits you with a +0 falchion.
You slash the orc!
You kill the orc!
An orc comes into view.
It is wielding a +0 dagger. 2 orc priests come into view.
The orc priest shouts!
The orc priest calls down the wrath of Beogh upon you.
Beogh smites you!
There are monsters nearby!
The orc shouts!
You hear a shout!
The orc priest invokes the aid of Beogh against you.
Beogh smites you!
The orc priest calls down the wrath of Beogh upon you.
Beogh smites you!
* * * LOW HITPOINT WARNING * * *
There is a stone staircase leading up here.
The orc priest calls down the wrath of Beogh upon you.
Beogh smites you!
You die...

###o..####. #.##.##
######.......... #.##.##
.......#...#. #.##.##
######.)..#...# #.##.##
.)........#.### #.##.#.
######.o....# ##### #.##..#
##.##.## #...#######.####.
#.##.# #>...........# ##
#..o.######...#######..####
##....o..o.@................
#.......###.................
#.#####†# #.#.##############
... #†###.#.# # ###.
#.......#### # #.
#.###......# # #.# #..###.#
..# #..# # ... ...# ### ##.#


You could see 2 orc priests and an orc.

Vanquished Creatures
  Crazy Yiuf (D:2)
  Jessica (D:3)
  2 adders (D:2)
  An ooze (D:2)
  3 worms (D:2)
  4 dart slugs
  2 orcs (D:3)
  2 ball pythons (D:2)
  6 giant cockroaches
  9 goblins
  9 hobgoblins
  A jackal (D:2)
  A quokka (D:2)
  4 bats
  9 frilled lizards
  4 kobolds
  6 rats
65 creatures vanquished.

Notes
Turn   | Place    | Note
-------+----------+-------------------------------------------
     0 | D:1      | Voker57 the Demonspawn Gladiator began the quest for the
                  | Orb.
     0 | D:1      | Reached XP level 1. HP: 16/16 MP: 1/1
   176 | D:1      | Gained mutation: You have a pair of small horns on your
                  | head. [demonic ancestry]
   176 | D:1      | Reached XP level 2. HP: 12/22 MP: 2/2
   538 | D:1      | Gained mutation: You have sharp toenails. [demonic
                  | ancestry]
   538 | D:1      | Reached XP level 3. HP: 23/28 MP: 3/3
   793 | D:2      | Found a faded altar of an unknown god.
  1116 | D:2      | Found a glowing silver altar of Zin.
  1118 | D:2      | Found a shimmering altar of Xom.
  1119 | D:2      | Found an ornate altar of the Wu Jian Council.
  1156 | D:2      | Gained mutation: You have razor-sharp toenails. [demonic
                  | ancestry]
  1156 | D:2      | Reached XP level 4. HP: 30/34 MP: 4/4
  1280 | D:2      | Found a runed translucent door.
  1281 | D:2      | Noticed Crazy Yiuf
  1289 | D:2      | Killed Crazy Yiuf
  1588 | D:3      | Noticed Jessica
  1597 | D:3      | Killed Jessica
  1597 | D:3      | Gained mutation: You regenerate a little health from kills.
                  | [demonic ancestry]
  1597 | D:3      | Reached XP level 5. HP: 35/41 MP: 5/5
  1719 | D:3      | Killed from afar by an orc priest

Levels and vault maps discovered:
D:1:      dpeg_arrival_snail, layout_basic
D:2:      layout_basic, minitemple, chequers_ecumenical_altar_lobes,
          minmay_nonomino_d4, uniq_crazy_yiuf_cottage
D:3:      layout_loops_ring, uniq_ijyb, uniq_jessica

Skill      XL: |  1  2  3  4 |
---------------+-------------+-----
Long Blades    | 3 |  3.9
Dodging        | 3 |  3.7
Fighting       | 3 |  3.4
Throwing       | |  1.7

Action                   |  1- 3 |  4- 6 || total
-------------------------+-------+-------++-------
Melee: Long sword        |    75 |    46 ||   121
       Headbutt          |    10 |    14 ||    24
       Kick              |    11 |    17 ||    28
Throw: Throwing net      |       |     1 ||     1
 Stab: Sleeping          |     1 |       ||     1
       Held in net/web   |       |     1 ||     1
  Eat: Chunk             |     1 |     2 ||     3
Armor: Leather armour    |    19 |     7 ||    26
Dodge: Dodged            |    60 |    35 ||    95
       Rpst.: Long sword |    13 |    10 ||    23

Table legend:
 A = Non-vault XP
 B = Vault XP
 C = Vault XP percentage of total XP
 D = Non-vault monster count
 E = Vault monster count
 F = Vault count percentage of total count
                 A         B        C        D         E       F
            +---------+---------+-------+---------+---------+-------
      Total |     133 |      95 |  41.7 |      55 |      10 |  15.4
            +---------+---------+-------+---------+---------+-------
        D:1 |      43 |       0 |   0.0 |      23 |       0 |   0.0
        D:2 |      68 |      58 |  46.0 |      19 |       9 |  32.1
        D:3 |      22 |      37 |  62.7 |      13 |       1 |   7.1
            +---------+---------+-------+---------+---------+-------
